[Event "Titled Tuesday Blitz July 20 2021"]
[White "Gadimbayli, Abdulla"]
[Black "Sargsyan, Anna M."]
[WhiteFideId "13404938"]
[BlackFideId "13308130"]
[WhiteElo "2320"]
[BlackElo "2263"]
[Result "0-1"]
[Round "06"]
[TimeControl "180+1"]
[Date "2021.07.21"]
[WhiteClock "0:00:07"]
[BlackClock "0:00:05"]

1. e4 c6 2. Nf3 d5 3. exd5 cxd5 4. d4 Nc6 5. Ne5 Nf6 6. c3 g6 7. Bb5 Qb6 8. c4 dxc4 9. Nc3 a6 10. Ba4 Nd7 11. Bxc6 bxc6 12. Nxc4 Qb4 13. Qe2 Bg7 14. a3 Qb8 15. O-O O-O 16. Qxe7 Bxd4 17. Bh6 Bf6 18. Qe3 Rd8 19. Rfe1 Nf8 20. Rad1 Be6 21. Ne4 Bh8 22. b3 Qb5 23. Qf4 Qf5 24. Qxf5 Bxf5 25. Rxd8 Rxd8 26. Ned6 Be6 27. h3 Nd7 28. Bg5 Rb8 29. b4 Nf6 30. Na5 Bd5 31. Ndc4 Ne4 32. Bf4 Rf8 33. f3 Bd4+ 34. Kh2 Nc3 35. Be5 Bxe5+ 36. Rxe5 Nb5 37. Re7 Kg7 38. g4 h5 39. Kg3 hxg4 40. fxg4 Kf6 41. Re1 Rd8 42. Re3 Bxc4 43. Nxc4 Rd4 44. Ne5 Rd6 45. Nc4 Re6 46. Rf3+ Kg7 47. Na5 Nd4 48. Rd3 Nb5 49. Kf3 g5 50. Kg2 f6 51. Nc4 Kf7 52. Ne3 Ke8 53. Nf5 Kf7 54. Kf2 Re4 55. Rd7+ Ke6 56. Re7+ Kd5 57. Rd7+ Ke6 58. Rf7 Kxf7 59. Ng3 Rf4+ 60. Kg2 Ke7 61. Ne2 Ke6 62. Nxf4+ gxf4 63. Kf3 Nd4+ 64. Kxf4 Nc2 65. h4 Nxa3 66. h5 Nc2 67. g5 fxg5+ 68. Kxg5 Kf7 0-1


[Site "https://www.chess.com"]

[Event "Titled Tuesday Blitz July 20 2021"]
[White "Garcia Ramos, Daniel"]
[Black "Liu, Manli"]
[WhiteFideId "32010311"]
[BlackFideId "8608121"]
[WhiteElo "2321"]
[BlackElo "2061"]
[Result "1-0"]
[Round "06"]
[TimeControl "180+1"]
[Date "2021.07.21"]
[WhiteClock "0:00:43"]
[BlackClock "0:00:22"]

1. c4 Nf6 2. Nf3 e6 3. g3 d5 4. Bg2 Be7 5. O-O O-O 6. b3 b6 7. Bb2 Bb7 8. cxd5 exd5 9. d4 Nbd7 10. Nc3 c6 11. Rc1 Bd6 12. Qd3 Re8 13. Rfe1 a5 14. e4 dxe4 15. Nxe4 Nxe4 16. Rxe4 Rxe4 17. Qxe4 Nf6 18. Qc2 c5 19. Rd1 Qe7 20. Ne5 Bxg2 21. Kxg2 cxd4 22. Nc6 Qb7 23. Bxd4 Rc8 24. Bxf6 Rxc6 25. Qe4 Qd7 26. Rxd6 Rxd6 27. Qa8+ Qd8 28. Bxd8 1-0


[Site "https://www.chess.com"]

[Event "Titled Tuesday Blitz July 20 2021"]
[White "Golubenko, Valentina"]
[Black "Mokshanov, Alexey"]
[WhiteFideId "4501993"]
[BlackFideId "24121657"]
[WhiteElo "2164"]
[BlackElo "2262"]
[Result "1/2-1/2"]
[Round "06"]
[TimeControl "180+1"]
[Date "2021.07.21"]
[WhiteClock "0:00:16"]
[BlackClock "0:00:57"]

1. d4 d5 2. g3 Nf6 3. Bg2 Bf5 4. Nf3 e6 5. O-O Be7 6. c4 c6 7. b3 O-O 8. Nc3 h6 9. Bb2 Nbd7 10. Rc1 Re8 11. Nd2 Qa5 12. a3 b5 13. b4 Qb6 14. cxb5 cxb5 15. e4 dxe4 16. Ndxe4 Nxe4 17. Bxe4 Bxe4 18. Nxe4 Nf6 19. Nc5 Red8 20. Qe2 Nd5 21. Rfe1 a5 22. bxa5 Qxa5 23. Nb7 Qb6 24. Nxd8 Rxd8 25. Rc2 g6 26. Rec1 Kg7 27. Rc6 Qa5 28. Qd3 b4 29. Ra6 Nf4 30. gxf4 Qh5 31. axb4 Rd5 32. Qg3 Bh4 33. Qg2 Bg5 34. Kh1 Bxf4 35. Rc7 Qd1+ 36. Qg1 Qf3+ 37. Qg2 Qd1+ 38. Qg1 Qf3+ 39. Qg2 Qd1+ 1/2-1/2


[Site "https://www.chess.com"]

[Event "Titled Tuesday Blitz July 20 2021"]
[White "Golubev, Mikhail"]
[Black "Belyakov, Bogdan"]
[WhiteFideId "14100983"]
[BlackFideId "24104795"]
[WhiteElo "2374"]
[BlackElo "2407"]
[Result "0-1"]
[Round "06"]
[TimeControl "180+1"]
[Date "2021.07.21"]
[WhiteClock "0:00:02"]
[BlackClock "0:00:25"]

1. e4 e5 2. Nf3 Nc6 3. Bb5 Nf6 4. O-O Nxe4 5. Re1 Nd6 6. Bf1 Be7 7. Nc3 O-O 8. d4 e4 9. Nxe4 Nxe4 10. Rxe4 d5 11. Re1 Bg4 12. c3 Bd6 13. h3 Bh5 14. Bd3 Bg6 15. Bxg6 hxg6 16. Bg5 Qd7 17. Qd2 Rfe8 18. Bf4 f6 19. Bxd6 Qxd6 20. Qd3 g5 21. h4 gxh4 22. Nxh4 Qd7 23. Qg6 Qf7 24. Qg4 Rxe1+ 25. Rxe1 Re8 26. Rxe8+ Qxe8 27. Nf5 g6 28. Ne3 Kg7 29. Nxd5 Qe1+ 30. Kh2 Qxf2 31. Nxc7 f5 32. Qg5 Qxb2 33. Ne8+ Kf8 34. Nd6 Qxa2 35. Qf6+ Kg8 36. Qxg6+ Kf8 37. Qf7+ Qxf7 0-1


[Site "https://www.chess.com"]

[Event "Titled Tuesday Blitz July 20 2021"]
[White "Gubajdullin, Alexei"]
[Black "Tristan, Leonardo"]
[WhiteFideId "4141202"]
[BlackFideId "113816"]
[WhiteElo "2403"]
[BlackElo "2404"]
[Result "1-0"]
[Round "06"]
[TimeControl "180+1"]
[Date "2021.07.21"]
[WhiteClock "0:00:02"]
[BlackClock "0:00:01"]

1. d4 d5 2. Bf4 Nf6 3. e3 e6 4. Nd2 Bd6 5. Bxd6 cxd6 6. Bd3 O-O 7. c4 dxc4 8. Nxc4 b5 9. Nd2 Bb7 10. Ngf3 a6 11. a4 b4 12. a5 Nc6 13. Nc4 d5 14. Nb6 Rb8 15. Qa4 Nd7 16. Nxd7 Qxd7 17. O-O Qd6 18. Rfc1 Rfc8 19. Rc2 f6 20. Rac1 e5 21. Bf5 Rc7 22. e4 g6 23. exd5 Qxd5 24. Bd3 Kh8 25. Rc5 Nxd4 26. Rxc7 Nxf3+ 27. gxf3 Qxf3 28. Rxb7 Rxb7 29. Qc6 Qg4+ 30. Kh1 Rf7 31. Bxa6 Qf4 32. Bf1 Qxf2 33. a6 Kg7 34. Qc5 Qxb2 35. a7 Qa3 36. Rb1 Rxa7 37. Qxb4 Qa2 38. Bg2 Rd7 39. Rf1 Qe6 40. Qc3 Re7 41. Re1 f5 42. Qc5 Qf6 43. Bd5 e4 44. Qe3 Qe5 45. Bc6 h6 46. Qb3 g5 47. Qb6 e3 48. Qd8 Qe6 49. Bd5 Qe5 50. Qg8+ Kf6 51. Qh8+ Kg6 52. Qg8+ Kf6 53. Qh8+ Kg6 54. Qg8+ Kh5 55. Bf3+ g4 56. Be2 Qf4 57. Rf1 Qg5 58. Qf8 Re5 59. Qd6 f4 60. Bc4 e2 61. Re1 g3 62. Bf7+ Kh4 63. Qd4 g2+ 64. Kg1 Qg4 65. Qf2+ Kg5 66. Bc4 f3 67. Ba6 Qf4 68. Bb7 Qe3 69. Bxf3 Qxf2+ 70. Kxf2 Kf4 71. Bxg2 Rf5 72. Rxe2 Kg4+ 73. Kg1 Rc5 74. Re4+ Kf5 75. Rb4 Rc2 76. Kf1 Rc1+ 77. Kf2 Rc2+ 78. Kg3 Rc3+ 79. Bf3 Kg5 80. Rb5+ Kg6 81. h4 Kf6 82. Kf4 Rc4+ 83. Be4 Rc1 84. Rb6+ Kg7 85. Rg6+ Kf7 86. Rxh6 Rf1+ 87. Ke5 Ra1 88. Rh7+ Kg8 89. Rb7 Ra5+ 90. Bd5+ Kh8 91. h5 Ra6 92. Be4 Ra5+ 93. Bd5 Ra6 94. Rd7 1-0


[Site "https://www.chess.com"]

[Event "Titled Tuesday Blitz July 20 2021"]
[White "Howell, David W L"]
[Black "Batsuren, Dambasuren"]
[WhiteFideId "410608"]
[BlackFideId "4902920"]
[WhiteElo "2643"]
[BlackElo "2371"]
[Result "1-0"]
[Round "06"]
[TimeControl "180+1"]
[Date "2021.07.20"]
[WhiteClock "0:00:08"]
[BlackClock "0:00:01"]

1. e4 e5 2. Nc3 Nf6 3. f4 d5 4. fxe5 Nxe4 5. d3 Qh4+ 6. g3 Nxg3 7. Nf3 Qh5 8. Nxd5 Na6 9. Nf4 Qh6 10. Ne2 Qc6 11. Nxg3 Bg4 12. Be2 Nb4 13. c3 Nd5 14. h3 Bd7 15. d4 O-O-O 16. Qd3 h5 17. Bd2 h4 18. Ne4 Be7 19. a3 Kb8 20. Nf2 g6 21. O-O-O a6 22. Qc4 Qe6 23. Qd3 Qc6 24. Qc2 Nb6 25. c4 Bf5 26. Qb3 Qe6 27. d5 Nxd5 28. cxd5 Rxd5 29. Bc3 Rxd1+ 30. Bxd1 Qc6 31. Nd4 Qg2 32. Bf3 Qxf2 33. Qxb7# 1-0


[Site "https://www.chess.com"]

[Event "Titled Tuesday Blitz July 20 2021"]
[White "Hryshchenko, Kamila"]
[Black "Ibrahimli, Murad"]
[WhiteFideId "14147491"]
[BlackFideId "13410229"]
[WhiteElo "1966"]
[BlackElo "2109"]
[Result "0-1"]
[Round "06"]
[TimeControl "180+1"]
[Date "2021.07.20"]
[WhiteClock "0:00:07"]
[BlackClock "0:00:18"]

1. e4 c5 2. Nf3 d6 3. d4 cxd4 4. Nxd4 Nf6 5. Nc3 a6 6. Bc4 e6 7. O-O Be7 8. Bb3 Nc6 9. Be3 Bd7 10. f4 O-O 11. Kh1 b5 12. a3 Nxd4 13. Bxd4 Bc6 14. Qd3 a5 15. Rae1 b4 16. axb4 axb4 17. Nd1 d5 18. Bxf6 Bxf6 19. e5 Be7 20. f5 exf5 21. Rxf5 Ra1 22. Ref1 Bd7 23. R5f4 Be6 24. Ne3 Rxf1+ 25. Rxf1 d4 26. Nf5 Bxb3 27. Qxb3 Bc5 28. Qg3 g6 29. Nh6+ Kg7 30. Ng4 Qg5 31. Qf3 h5 32. Nf6 Qe3 33. Qc6 Qe2 34. Ne8+ Kh6 35. Rg1 Qxe5 36. Nf6 Bd6 37. g3 Qxf6 0-1


[Site "https://www.chess.com"]

[Event "Titled Tuesday Blitz July 20 2021"]
[White "Indjic, Aleksandar"]
[Black "Grabinsky, Aaron"]
[WhiteFideId "911925"]
[BlackFideId "2087090"]
[WhiteElo "2643"]
[BlackElo "2353"]
[Result "1-0"]
[Round "06"]
[TimeControl "180+1"]
[Date "2021.07.20"]
[WhiteClock "0:00:14"]
[BlackClock "0:00:07"]

1. d4 e6 2. Nf3 Nf6 3. c4 Bb4+ 4. Nbd2 O-O 5. a3 Be7 6. Qc2 c5 7. dxc5 Bxc5 8. b4 Be7 9. g4 Nxg4 10. Rg1 f5 11. h3 Nf6 12. Bb2 d6 13. e4 Nc6 14. O-O-O Qe8 15. Bd3 Nh5 16. exf5 exf5 17. Rde1 Qf7 18. c5 d5 19. b5 Na5 20. Ng5 Bxg5 21. Rxg5 Be6 22. Rxh5 Qxh5 23. Rxe6 Qxh3 24. Bf1 Qg4 25. Re7 Rf7 26. Rxf7 Kxf7 27. Qc3 Re8 28. Qxa5 Re1+ 29. Kc2 Qd1+ 30. Kd3 Rxf1 31. Qc7+ Ke8 32. Qc8+ Ke7 33. Qxb7+ Ke8 34. Qa8+ Ke7 35. Qxa7+ Ke8 36. Qb8+ Ke7 37. Qe5+ Kd8 38. Qxd5+ Ke8 39. Qe6+ Kd8 40. Qe2 Rh1 41. Qxd1 Rxd1 42. c6 h5 43. b6 h4 44. b7 Kc7 45. Be5+ Kxc6 46. b8=Q h3 47. Qc7+ Kd5 48. Qd6# 1-0


[Site "https://www.chess.com"]

[Event "Titled Tuesday Blitz July 20 2021"]
[White "Iskusnyh, Sergei"]
[Black "Zierk, Steven"]
[WhiteFideId "4120027"]
[BlackFideId "2034255"]
[WhiteElo "2492"]
[BlackElo "2494"]
[Result "0-1"]
[Round "06"]
[TimeControl "180+1"]
[Date "2021.07.20"]
[WhiteClock "0:00:10"]
[BlackClock "0:00:20"]

1. d4 d5 2. c4 dxc4 3. e3 e6 4. Bxc4 Nf6 5. Nf3 c5 6. O-O a6 7. Nc3 b5 8. Be2 Bb7 9. dxc5 Qxd1 10. Rxd1 Bxc5 11. Nd2 O-O 12. Nb3 Bb6 13. a4 b4 14. a5 Ba7 15. Na4 Nbd7 16. Bd2 Bd5 17. Nd4 Bxd4 18. exd4 Rfb8 19. Rdc1 Ne4 20. Bf4 Rb7 21. f3 Nef6 22. Rc7 Rxc7 23. Bxc7 b3 24. Rc1 g5 25. Nb6 Ra7 26. Bd6 Kg7 27. Bd3 h5 28. Kf2 h4 29. g3 hxg3+ 30. hxg3 g4 31. f4 Ne4+ 32. Bxe4 Bxe4 33. Rc8 Rb7 34. Bc5 Nf6 35. Nc4 Rb5 36. Ke3 Bb7 37. Rb8 Bc6 38. Rc8 Bb7 39. Rb8 Ne4 40. Nd6 Nxd6 41. Bxd6 f6 42. Bc5 Kg6 43. Rg8+ Kf5 44. Rb8 Kg6 45. Rg8+ Kf7 46. Rf8+ Kg7 47. Rb8 f5 48. Bd6 Kf7 49. Rf8+ Kg7 50. Rd8 Bd5 51. Be5+ Kf7 52. Bc7 Rb4 53. Be5 Ra4 54. Rb8 Rxa5 55. Rb6 Ra2 56. Kd3 Rxb2 57. Rxa6 Rg2 58. Ra7+ Ke8 59. Kc3 Rxg3+ 60. Kb2 Rg2+ 61. Kc3 Rc2+ 62. Kd3 Be4+ 63. Ke3 b2 64. d5 b1=Q 65. Ra8+ Kd7 66. Ra7+ Kd8 67. Ra8+ Rc8 68. Bf6+ Kc7 69. Be5+ Kb7 0-1


[Site "https://www.chess.com"]

[Event "Titled Tuesday Blitz July 20 2021"]
[White "Janaszak, Dawid"]
[Black "Djordjevic, Dejan N"]
[WhiteFideId "1119206"]
[BlackFideId "913316"]
[WhiteElo "2332"]
[BlackElo "2262"]
[Result "1-0"]
[Round "06"]
[TimeControl "180+1"]
[Date "2021.07.21"]
[WhiteClock "0:00:30"]
[BlackClock "0:00:07"]

1. e4 c5 2. Nc3 Nc6 3. Bb5 g6 4. Bxc6 dxc6 5. f4 Bg7 6. Nf3 Bg4 7. O-O e5 8. h3 Bxf3 9. Qxf3 Qc7 10. f5 f6 11. d3 Ne7 12. Be3 b6 13. g4 h5 14. Kg2 hxg4 15. hxg4 gxf5 16. gxf5 O-O-O 17. Rh1 Rdg8 18. Rxh8 Rxh8 19. Rh1 Qd8 20. Ne2 Rxh1 21. Kxh1 Qh8+ 22. Kg2 Bh6 23. Bf2 Bg5 24. Ng3 Qg8 25. Kf1 c4 26. b3 cxb3 27. axb3 Kb7 28. d4 exd4 29. Bxd4 Qd8 30. Qd3 Qd6 31. Bf2 Qxd3+ 32. cxd3 c5 33. d4 cxd4 34. Bxd4 Nc6 35. Bc3 a5 36. Nh5 b5 37. Nxf6 b4 38. Bb2 Kb6 39. Nd5+ Kc5 40. Ke2 Nd4+ 41. Kd3 Nxb3 42. f6 a4 43. f7 Bh6 44. Bf6 a3 45. Be7+ Kb5 46. Nxb4 Nc5+ 47. Kc3 Nxe4+ 48. Kb3 Ng5 49. Bxg5 Bf8 50. Na2 1-0


[Site "https://www.chess.com"]

[Event "Titled Tuesday Blitz July 20 2021"]
[White "Karthikeyan, Murali"]
[Black "Aldokhin, Ivan"]
[WhiteFideId "5074452"]
[BlackFideId "24115720"]
[WhiteElo "2564"]
[BlackElo "2306"]
[Result "0-1"]
[Round "06"]
[TimeControl "180+1"]
[Date "2021.07.20"]
[WhiteClock "0:00:01"]
[BlackClock "0:00:03"]

1. d4 Nf6 2. c4 g6 3. f3 Bg7 4. e4 O-O 5. Ne2 c6 6. Nbc3 d5 7. cxd5 cxd5 8. e5 Nfd7 9. Nxd5 Nc6 10. Ndc3 Nb6 11. g3 f6 12. exf6 Bxf6 13. Bh6 Rf7 14. Ne4 Bxd4 15. Nxd4 Qxd4 16. Bg2 Bf5 17. Nf2 Qe5+ 18. Qe2 Qxe2+ 19. Kxe2 Nd4+ 20. Kf1 Rc8 21. Rd1 e5 22. f4 Rc2 23. Nd3 Bg4 24. Re1 Be2+ 25. Rxe2 Nxe2 26. Nxe5 Rfc7 27. Be4 Rxb2 28. Kf2 Nc3+ 29. Kf3 Nxe4 30. Kxe4 Nc4 31. Rd1 Nxe5 32. Kxe5 Rb5+ 33. Ke4 Re7+ 34. Kf3 Kf7 35. a4 Rb3+ 36. Kg4 Rb4 37. a5 Ra4 38. Rd5 a6 39. Bg5 Rc7 40. h4 Ke6 41. Re5+ Kd6 42. h5 Kc6 43. hxg6 hxg6 44. Re6+ Kd5 45. Rxg6 Ra3 46. Bd8 Rcc3 47. Kf5 Rxg3 48. Rb6 Rxa5 49. Rxb7 Rb5 50. Ra7 Kc4+ 51. Kf6 Rh3 52. Kg6 a5 0-1


[Site "https://www.chess.com"]

[Event "Titled Tuesday Blitz July 20 2021"]
[White "Kazakov, Mikhail"]
[Black "Harshavardhan G B"]
[WhiteFideId "14102749"]
[BlackFideId "25059009"]
[WhiteElo "2373"]
[BlackElo "1825"]
[Result "0-1"]
[Round "06"]
[TimeControl "180+1"]
[Date "2021.07.21"]
[WhiteClock "0:00:02"]
[BlackClock "0:00:26"]

1. d4 Nf6 2. c4 g6 3. Nc3 Bg7 4. e4 d6 5. Be2 O-O 6. Be3 e5 7. d5 a5 8. h4 h5 9. Nh3 Ng4 10. Bg5 f6 11. Bd2 f5 12. Ng5 Nf6 13. exf5 Bxf5 14. Bf3 Na6 15. Ne6 Bxe6 16. dxe6 Nc5 17. Qc2 Qe8 18. Nd5 Nxe6 19. Nxf6+ Rxf6 20. Bxb7 Nd4 21. Qd3 Rb8 22. Bd5+ Kh7 23. Bc3 Rf4 24. g3 e4 25. Qd1 Nf3+ 26. Kf1 Rf8 27. Bxg7 Kxg7 28. Qe2 Qe5 29. Rb1 Nd2+ 30. Kg2 Nxb1 31. Rxb1 Rbe8 32. Qe3 Rf3 33. Qa7 Re7 34. Qa8 Rf8 35. Qa7 e3 36. Qxe3 Qxe3 37. fxe3 Rxe3 38. a3 Re2+ 39. Kg1 Rd2 40. b4 axb4 41. axb4 Rff2 42. b5 Rfe2 43. Rf1 g5 44. hxg5 Kg6 0-1


[Site "https://www.chess.com"]

[Event "Titled Tuesday Blitz July 20 2021"]
[White "Khusnutdinov, Rustam"]
[Black "Remizov, Yaroslav"]
[WhiteFideId "13701703"]
[BlackFideId "34134015"]
[WhiteElo "2571"]
[BlackElo "2335"]
[Result "1-0"]
[Round "06"]
[TimeControl "180+1"]
[Date "2021.07.20"]
[WhiteClock "0:01:03"]
[BlackClock "0:00:19"]

1. d4 Nf6 2. c4 e6 3. Nc3 d5 4. Bg5 c6 5. e3 Na6 6. cxd5 exd5 7. Bxa6 bxa6 8. Nf3 Be7 9. O-O O-O 10. Rc1 a5 11. Ne5 Bb7 12. Na4 Rc8 13. Nc5 Ba8 14. Qa4 h6 15. Bxf6 Bxf6 16. Ned7 Re8 17. Nxf6+ Qxf6 18. Qxa5 Re7 19. Nd3 g6 20. Rc3 Kg7 21. Rfc1 h5 22. h3 g5 23. Ne5 Rec7 24. b4 Qd6 25. Qc5 Qd8 26. b5 f6 27. Nxc6 Bxc6 28. bxc6 Rxc6 29. Qxa7+ R8c7 30. Qxc7+ Qxc7 31. Rxc6 Qa5 32. R6c2 Kg6 33. Ra1 Qa3 34. Rcc1 g4 35. hxg4 hxg4 36. g3 Kf5 37. Rcb1 Ke4 38. Kg2 Qa6 39. Rb2 Qa3 40. Rb6 Kf5 41. Rb5 Ke4 42. Rb3 Qa6 43. a4 Qe2 44. a5 Qf3+ 45. Kg1 Qe2 46. Rba3 Kf3 47. e4+ 1-0


[Site "https://www.chess.com"]

[Event "Titled Tuesday Blitz July 20 2021"]
[White "Kilpatrick, Callum"]
[Black "Woodward, Andy"]
[WhiteFideId "414425"]
[BlackFideId "30953499"]
[WhiteElo "2481"]
[BlackElo "2137"]
[Result "0-1"]
[Round "06"]
[TimeControl "180+1"]
[Date "2021.07.21"]
[WhiteClock "0:00:24"]
[BlackClock "0:00:46"]

1. e4 c5 2. Nf3 d6 3. d4 cxd4 4. Nxd4 Nf6 5. Nc3 a6 6. h3 g6 7. g3 Bg7 8. Bg2 O-O 9. O-O Nc6 10. Nxc6 bxc6 11. e5 dxe5 12. Qxd8 Rxd8 13. Bxc6 Rb8 14. Bg2 Be6 15. b3 Rbc8 16. Bb2 Rd2 17. Rac1 Bf5 18. Na4 Rcxc2 19. Bxe5 Rxc1 20. Rxc1 Rxa2 21. g4 Be6 22. Nc5 Re2 23. Nxe6 fxe6 24. Bd4 Nd5 25. Bf1 Ra2 26. Bxg7 Kxg7 27. Rc6 Nf4 28. h4 a5 29. Rc4 e5 30. Rc5 Kf6 31. Rc6+ e6 32. Rc8 h5 33. g5+ Kf5 34. f3 e4 35. Rf8+ Ke5 36. fxe4 Kxe4 37. Bc4 e5 38. Rf6 Kf3 39. Bf7 Kg3 40. Bxg6 Ra1+ 41. Bb1 Rxb1# 0-1


[Site "https://www.chess.com"]

[Event "Titled Tuesday Blitz July 20 2021"]
[White "Krallis, Christos"]
[Black "Von Buelow, Georg"]
[WhiteFideId "4298896"]
[BlackFideId "4620658"]
[WhiteElo "2193"]
[BlackElo "2245"]
[Result "1-0"]
[Round "06"]
[TimeControl "180+1"]
[Date "2021.07.21"]
[WhiteClock "0:00:48"]
[BlackClock "0:00:08"]

1. d4 Nf6 2. c4 g6 3. Nf3 Bg7 4. g3 O-O 5. Bg2 d6 6. O-O Nc6 7. Nc3 a6 8. b3 Rb8 9. Bb2 b5 10. cxb5 axb5 11. Rc1 b4 12. Na4 Na5 13. Qc2 c6 14. Nd2 Ba6 15. Rfe1 Bb5 16. e4 Nd7 17. e5 Nb6 18. Nxb6 Qxb6 19. Ne4 Rfd8 20. e6 f5 21. Ng5 Bxd4 22. Nf7 Rf8 23. Rcd1 c5 24. h4 Bc6 25. h5 Bxg2 26. Kxg2 Rxf7 27. exf7+ Kxf7 28. Bxd4 cxd4 29. Qe2 e5 30. hxg6+ hxg6 31. Rh1 Rg8 32. Rc1 Qb7+ 33. f3 Kf6 34. Qd2 Nc6 35. Qc2 Ne7 36. Rh7 Nd5 37. Rxb7 Ne3+ 38. Kf2 Nxc2 39. Rxc2 1-0


[Site "https://www.chess.com"]

[Event "Titled Tuesday Blitz July 20 2021"]
[White "Kretov, Evgenij"]
[Black "Luo, Terry"]
[WhiteFideId "4167821"]
[BlackFideId "30931045"]
[WhiteElo "2400"]
[BlackElo "2024"]
[Result "1-0"]
[Round "06"]
[TimeControl "180+1"]
[Date "2021.07.21"]
[WhiteClock "0:01:21"]
[BlackClock "0:01:19"]

1. d4 Nf6 2. c4 g6 3. Nc3 Bg7 4. e4 d6 5. Be2 O-O 6. Bg5 c5 7. d5 e6 8. Qd2 exd5 9. exd5 Qb6 10. Nf3 Bf5 11. Rc1 Nbd7 12. O-O Ne4 13. Nxe4 Bxe4 14. b3 Nf6 15. Qf4 Bxf3 16. Bxf3 Nd7 17. Be7 Be5 18. Qh4 Rfe8 19. Bg4 Qc7 20. f4 Bd4+ 21. Kh1 Nf8 22. Rce1 f5 23. Bh3 Kf7 24. Bxf8 Kxf8 25. g4 Rxe1 26. Rxe1 Re8 27. gxf5 Rxe1+ 28. Qxe1 gxf5 29. Qe6 Qe7 30. Bxf5 Qxe6 31. dxe6 Be3 32. Bxh7 Bxf4 33. Be4 Ke7 34. Bd5 b6 35. Kg2 Kf6 36. h4 Bh6 37. Kf3 Kf5 38. e7 1-0


[Site "https://www.chess.com"]

[Event "Titled Tuesday Blitz July 20 2021"]
[White "Krivonosov, Oleg"]
[Black "davigator"]
[WhiteFideId "11600349"]
[WhiteElo "2469"]
[BlackElo "2421"]
[Result "1-0"]
[Round "06"]
[TimeControl "180+1"]
[Date "2021.07.21"]
[WhiteClock "0:00:11"]
[BlackClock "0:00:35"]

1. Nf3 d5 2. d4 c6 3. c4 Nf6 4. cxd5 cxd5 5. Nc3 Nc6 6. Bf4 Bf5 7. e3 a6 8. Rc1 Rc8 9. Be2 e6 10. O-O Be7 11. Qb3 Na5 12. Qa4+ Kf8 13. Ne5 b5 14. Nxb5 axb5 15. Qxb5 Nc4 16. Nxc4 dxc4 17. Rxc4 Rxc4 18. Bxc4 Qa8 19. Rc1 Nd5 20. Bxd5 exd5 21. Rc7 g5 22. Bg3 Bf6 23. h3 Kg7 24. a4 h5 25. Be5 Bxe5 26. dxe5 Be6 27. Qb6 Rh6 28. a5 Bxh3 29. Rxf7+ Kxf7 30. Qxh6 Bg4 31. Qf6+ Ke8 32. Qh8+ Ke7 33. Qxa8 Ke6 34. a6 Kxe5 35. a7 d4 36. Qb8+ Ke4 37. a8=Q+ 1-0


[Site "https://www.chess.com"]

[Event "Titled Tuesday Blitz July 20 2021"]
[White "Kubatko, Ivan"]
[Black "Megaranto, Susanto"]
[WhiteFideId "24111473"]
[BlackFideId "7101384"]
[WhiteElo "2285"]
[BlackElo "2644"]
[Result "1-0"]
[Round "06"]
[TimeControl "180+1"]
[Date "2021.07.21"]
[WhiteClock "0:00:47"]
[BlackClock "0:01:30"]

1. e4 Nf6 2. e5 Nd5 3. d4 d6 4. exd6 exd6 5. c4 Nb6 6. Nc3 Be7 7. Nf3 O-O 8. Be2 Bg4 9. b3 Nc6 10. O-O Bf6 11. Be3 d5 12. c5 Nc8 13. a3 N8e7 14. h3 Bxf3 15. Bxf3 a6 16. b4 g6 17. Qd3 h5 18. Rfd1 Qd7 19. Rab1 Nd8 20. g4 Kg7 21. Kg2 Rh8 22. g5 1-0


[Site "https://www.chess.com"]

[Event "Titled Tuesday Blitz July 20 2021"]
[White "Lazavik, Denis"]
[Black "Nakamura, Hikaru"]
[WhiteFideId "13515110"]
[BlackFideId "2016192"]
[WhiteElo "2436"]
[BlackElo "2900"]
[Result "1/2-1/2"]
[Round "06"]
[TimeControl "180+1"]
[Date "2021.07.20"]
[WhiteClock "0:00:11"]
[BlackClock "0:00:36"]

1. d4 Nf6 2. c4 e6 3. Nf3 d5 4. Nc3 Be7 5. Bg5 h6 6. Bxf6 Bxf6 7. e3 O-O 8. Rc1 dxc4 9. Bxc4 c5 10. dxc5 Nd7 11. c6 bxc6 12. O-O Nb6 13. Bd3 Nd5 14. Na4 Nb4 15. Bc4 Rb8 16. a3 Nd5 17. Qc2 Nb6 18. b4 Nxa4 19. Qxa4 Qb6 20. Rfd1 Bb7 21. Nd2 Be7 22. Bf1 c5 23. Nc4 Qc7 24. Qxa7 cxb4 25. Na5 Qe5 26. Nxb7 Ra8 27. Qb6 bxa3 28. Nc5 Rfb8 29. Qc6 Rc8 30. Nd3 Rxc6 31. Nxe5 Rxc1 32. Rxc1 Bb4 33. Bc4 a2 34. Ra1 Bc3 35. Rxa2 Rxa2 36. Bxa2 Bxe5 37. g3 1/2-1/2


[Site "https://www.chess.com"]

[Event "Titled Tuesday Blitz July 20 2021"]
[White "Le, Tuan Minh"]
[Black "Pakleza, Zbigniew"]
[WhiteFideId "12401153"]
[BlackFideId "1119290"]
[WhiteElo "2450"]
[BlackElo "2526"]
[Result "1-0"]
[Round "06"]
[TimeControl "180+1"]
[Date "2021.07.20"]
[WhiteClock "0:01:41"]
[BlackClock "0:00:14"]

1. d4 d6 2. Nf3 Bg4 3. e4 Nf6 4. h3 Bh5 5. Bd3 e6 6. O-O Be7 7. Re1 O-O 8. Nbd2 d5 9. e5 Nfd7 10. Nf1 c5 11. Ng3 Bg6 12. Bxg6 fxg6 13. c3 Nc6 14. Be3 Rc8 15. Ne2 Rf7 16. Nf4 Nf8 17. dxc5 Bxc5 18. Nxd5 Bxe3 19. Nxe3 Qc7 20. Qd6 Rxf3 21. Qxc7 Rxc7 22. gxf3 Nxe5 23. Kg2 Nd3 24. Red1 Nxb2 25. Rd8 Kf7 26. Rb1 Na4 27. Rb4 Ke7 28. Rxf8 Kxf8 29. Rxa4 a6 30. c4 Ke7 31. Ra5 Rd7 32. f4 Rd2 33. Kf3 h6 34. Ra3 Kd6 35. Rb3 Kc6 36. a3 Ra2 37. Ng4 g5 38. fxg5 hxg5 39. Re3 Rc2 40. Rxe6+ Kc5 41. Re5+ Kxc4 42. Rxg5 b5 43. Ne3+ 1-0


[Site "https://www.chess.com"]

[Event "Titled Tuesday Blitz July 20 2021"]
[White "Liyanage, Ranindu Dilshan"]
[Black "Gracia Alvarez, Gerardo Antonio"]
[WhiteFideId "9915834"]
[BlackFideId "5109124"]
[WhiteElo "1839"]
[BlackElo "2148"]
[Result "0-1"]
[Round "06"]
[TimeControl "180+1"]
[Date "2021.07.21"]
[WhiteClock "0:00:02"]
[BlackClock "0:00:09"]

1. e4 c5 2. Nf3 Nc6 3. d4 cxd4 4. Nxd4 g6 5. c4 Nf6 6. Nc3 d6 7. Be2 Nxd4 8. Qxd4 Bg7 9. Be3 O-O 10. Qd2 a5 11. a4 Be6 12. Rc1 Rc8 13. b3 Nd7 14. f3 Nc5 15. Rb1 f5 16. O-O fxe4 17. fxe4 Rxf1+ 18. Bxf1 Qb6 19. Nd5 Bxd5 20. exd5 Qb4 21. Qf2 Nxa4 22. Qh4 Re8 23. Qh3 Nc5 24. Be2 a4 25. Bg4 a3 26. Be6+ Kh8 27. Rf1 a2 28. Qf3 a1=Q 29. Rxa1 Bxa1 30. Bf2 Bf6 31. g4 Qxb3 32. Qe2 Nxe6 33. Qxe6 Qxc4 34. h3 Qc1+ 35. Kg2 Qc8 36. Qf7 Rf8 0-1


[Site "https://www.chess.com"]

[Event "Titled Tuesday Blitz July 20 2021"]
[White "Ljukin, Sergei"]
[Black "De Silva, L M S T"]
[WhiteFideId "14102200"]
[BlackFideId "9953698"]
[WhiteElo "2309"]
[BlackElo "1621"]
[Result "0-1"]
[Round "06"]
[TimeControl "180+1"]
[Date "2021.07.21"]
[WhiteClock "0:01:15"]
[BlackClock "0:01:19"]

1. e4 e5 2. Nf3 Nc6 3. Bb5 a6 4. Ba4 Nf6 5. Qe2 b5 6. Bb3 Be7 7. c3 d6 8. O-O O-O 9. d4 Bg4 10. Rd1 Qc8 11. a4 b4 12. a5 h6 13. d5 Nb8 14. cxb4 Nbd7 15. Nc3 Nh7 16. h3 Bh5 17. g4 Bg6 18. Ba4 Ndf6 19. Bc6 Rb8 20. b5 Nxg4 21. hxg4 Qxg4+ 22. Kf1 Qh3+ 23. Ke1 Bh5 24. Rd3 f5 25. Bd7 Qh1+ 26. Qf1 Qxf1+ 27. Kxf1 fxe4 28. Nxe4 Bxf3 29. Nc3 Bh4 30. bxa6 Ng5 31. Bxg5 hxg5 32. Bc6 Rxb2 33. Ra2 Be2+ 34. Nxe2 Rxf2+ 35. Kg1 Rb1+ 0-1


[Site "https://www.chess.com"]

[Event "Titled Tuesday Blitz July 20 2021"]
[White "Locci, Damiano"]
[Black "Maltsevskaya, Aleksandra"]
[WhiteFideId "819751"]
[BlackFideId "24174041"]
[WhiteElo "2436"]
[BlackElo "2225"]
[Result "1-0"]
[Round "06"]
[TimeControl "180+1"]
[Date "2021.07.21"]
[WhiteClock "0:00:08"]
[BlackClock "0:00:16"]

1. c4 c5 2. Nf3 Nc6 3. d4 cxd4 4. Nxd4 Nf6 5. Nc3 g6 6. e4 d6 7. Be2 Bg7 8. O-O O-O 9. Nc2 Be6 10. Be3 Rc8 11. f3 a6 12. Rc1 Qa5 13. a3 Ne5 14. Nd5 Bxd5 15. cxd5 b5 16. Nb4 Nfd7 17. Nc6 Nxc6 18. dxc6 Ne5 19. Qd5 Qc7 20. a4 e6 21. Qb3 bxa4 22. Qxa4 Ra8 23. f4 Rfb8 24. fxe5 Rxb2 25. exd6 Qxd6 26. Bf3 Be5 27. c7 Rc8 28. Rfd1 Qe7 29. Qd7 Qxd7 30. Rxd7 Kg7 31. Rd8 Rxc7 32. Rxc7 Bxc7 33. Bd4+ f6 34. Rd7+ 1-0


[Site "https://www.chess.com"]